 Dungeon Crawl Stone Soup version 0.31-a0-222-gefeffbb62a (webtiles) character file.

Game seed: 3942329063378454882

81 qw the Shooter (level 4, -2/36 HPs)
             Began as a Minotaur Hexslinger on July 4, 2023.
             Slain by an ogre
             ... wielding a +0 giant club
              (5 damage)
             ... on level 3 of the Dungeon.
             The game lasted 00:00:32 (1512 turns).

qw the Shooter (Minotaur Hexslinger)                Turns: 1512, Time: 00:00:33

Health: -2/36      AC:  5    Str: 12    XL:     4   Next: 20%
Magic:  4/4        EV: 11    Int: 10    God:
Gold:   73         SH:  0    Dex: 15    Spells: 4/5 levels left

rFire   . . .        Y - +2 sling
rCold   . . .        (no shield)
rNeg    . . .        g - +0 ring mail
rPois   .            (helmet restricted)
rElec   .            (no cloak)
rCorr   .            (no gloves)
SInv    .            (no boots)
Will    .....        (no amulet)
Stlth   +            (no ring)
HPRegen 0.26/turn    (no ring)
MPRegen 0.09/turn

%: no passive effects
@: no status effects
A: horns 2, retaliatory headbutt
a: no special abilities


You were on level 3 of the Dungeon.
You visited 1 branch of the dungeon, and saw 3 of its levels.

You collected 73 gold pieces.


Innate Abilities, Weirdness & Mutations

You have a pair of horns on your head.
You reflexively headbutt those who attack you in melee.


   Skills:
 - Level 2.0 Fighting
 + Level 4.5 Ranged Weapons
 - Level 1.0 Armour
 - Level 2.1 Dodging
 - Level 1.0 Spellcasting
 - Level 2.0 Hexes


You had 4 spell levels left.
You knew the following spells:

 Your Spells              Type           Power      Damage    Failure   Level
a - Slow                  Hex            16%        N/A       34%         1

Your spell library contained the following spells:

 Spells                   Type           Power      Damage    Failure   Level
 Inner Flame              Hex/Fire       2%         N/A       83%         3
 Portal Projectile        Hex/Tloc       4%         N/A       83%         3
 Cause Fear               Hex            2%         N/A       98%         4

Inventory:

Hand Weapons
 Y - a +2 sling (weapon)
Armour
 g - a +0 ring mail (worn)
Scrolls
 a - 2 scrolls of identify
 b - a scroll of noise {unknown}
Potions
 c - a potion of resistance {unknown}
 e - a potion of curing {unknown}
 f - a potion of brilliance {unknown}

Dungeon Overview and Level Annotations

Branches:
Dungeon (3/15)

Altars:

Shops:
D:1 (


Message History

Enter note: A kobold comes into view. It is wielding a +0 dagger.
The kobold shouts!
The kobold throws a stone.
The stone hits you.
Enter note: You shoot a sling bullet.
The sling bullet hits the kobold.
You kill the kobold!
A bat comes into view.
The bat moves out of view.
Enter note:
Found a stone staircase leading up.
Enter note:
Enter note: You shoot a sling bullet.
The sling bullet closely misses the bat.
The bat closely misses you. You furiously retaliate!
You headbutt the bat!
You kill the bat!
There is a stone staircase leading up here.
An ogre comes into view. It is wielding a +0 giant club.
Enter note:
Enter note:
Enter note:
Enter note:
Enter note: You shoot a sling bullet.
The sling bullet hits the ogre!
The ogre is moderately wounded.
You shoot a sling bullet. The sling bullet hits the ogre.
The ogre is moderately wounded.
The ogre barely misses you.
You shoot a sling bullet.
The sling bullet barely misses the ogre.
The ogre hits you with a +0 giant club!!
Ouch! That really hurt!
You shoot a sling bullet. The sling bullet hits the ogre.
The ogre is moderately wounded.
The ogre hits you with a +0 giant club!
You shoot a sling bullet. The sling bullet hits the ogre!
The ogre is heavily wounded.
The ogre hits you with a +0 giant club.
You die...

##### #...# ##### #...#
..... #...# ...... #...#
...... #...###########
#...# #.............#
#..###.............#
#.#..@##...#.........#
#...O......#.........#
......#....###.........#
..###.#....###.........#
. # #.....##..........
.....#...##.....###..
...###......#....##.#
...........).........
........#<...........


You could see an ogre.

Vanquished Creatures
  4 adders (D:2)
  A worm (D:2)
  An endoplasm (D:2)
  A giant cockroach (D:1)
  5 hobgoblins
  4 jackals (D:2)
  6 kobolds
  A quokka (D:1)
  7 bats
  3 frilled lizards
  3 goblins
  6 rats
  A spectral goblin (D:2)
43 creatures vanquished.

Notes
Turn   | Place    | Note
-------+----------+-------------------------------------------
     0 | D:1      | qw the Minotaur Hexslinger began the quest for the Orb.
     0 | D:1      | Reached XP level 1. HP: 16/16 MP: 1/1
     0 | D:1      | 0 ||| qw: Version: 0.3-a-46-gb1f654a
     0 | D:1      | 0 ||| qw: Game counter: 887
     0 | D:1      | 0 ||| qw: Melee chars always use a shield: true
     0 | D:1      | 0 ||| qw: God list: Okawaru
     0 | D:1      | 0 ||| qw: Allow faded altars: false
     0 | D:1      | 0 ||| qw: Do Orc after clearing Dungeon:15 true
     0 | D:1      | 0 ||| qw: Do second Lair branch before Depths: true
     0 | D:1      | 0 ||| qw: Lair rune preference: random
     0 | D:1      | 0 ||| qw: Goals: Normal
     0 | D:1      | 0 ||| PLANNING D:1-11
   125 | D:1      | Found Kaiff's Weapon Boutique.
   269 | D:1      | Reached skill level 3 in Ranged Weapons
   276 | D:1      | Reached XP level 2. HP: 23/23 MP: 2/2
   672 | D:1      | 672 ||| UPGRADING to +0 leather armour.
   682 | D:1      | 682 ||| DROPPING +0 robe.
   683 | D:1      | 683 ||| UPGRADING to +0 ring mail.
   693 | D:1      | 693 ||| DROPPING +0 leather armour.
   694 | D:1      | 694 ||| READING scroll labelled IROGAI JEJ OCHE.
   695 | D:1      | 695 ||| DROPPING scroll of poison.
   759 | D:2      | Found a faded altar of an unknown god.
   772 | D:2      | 772 ||| Stepping ~*~*~tactically~*~*~ (water).
   776 | D:2      | Reached XP level 3. HP: 29/29 MP: 3/3
   897 | D:2      | Reached skill level 4 in Ranged Weapons
  1074 | D:2      | Reached skill level 1 in Armour
  1140 | D:2      | Reached XP level 4. HP: 36/36 MP: 4/4
  1363 | D:2      | 1363 ||| READING scroll labelled URITOMP GYRPH.
  1364 | D:2      | 1364 ||| READING scroll labelled DUPLOIZ YQIGRUA.
  1365 | D:2      | 1365 ||| READING scroll labelled REHOFAOPEA.
  1366 | D:2      | 1366 ||| READING scroll labelled BENIAGUCYUC.
  1507 | D:3      | Noticed an ogre
  1510 | D:3      | HP: 9/36 [ogre/+0 giant club (27)]
  1511 | D:3      | HP: 2/36 [ogre/+0 giant club (7)]
  1512 | D:3      | Slain by an ogre

Levels and vault maps discovered:
D:1:      dpeg_arrival_three_smaller_balls, layout_loops_ring, serial_shops,
          nicolae_shop_peninsula, minmay_3d_cube
D:2:      layout_loops_cross, dreamdust_ecumenical_altar_drowned_temple,
          grunt_ministairs_2
D:3:      layout_rooms, serial_shops,
          nicolae_shop_temple_entry_statues_fountains

Skill      XL: |  1  2  3 |
---------------+----------+-----
Ranged Weapons | 3 4 |  4.5
Fighting       | 2 |  2.0
Armour         | 1 |  1.0
Dodging        | |  2.1
Spellcasting   | |  1.0
Hexes          | |  2.0

Action                     |  1- 3 |  4- 6 || total
---------------------------+-------+-------++-------
   Fire: Sling             |   105 |    14 ||   119
    Use: Scroll            |     1 |     4 ||     5
 Armour: Robe              |    11 |       ||    11
         Ring mail         |     8 |     2 ||    10
  Dodge: Dodged            |    35 |     3 ||    38

Table legend:
 A = Non-vault XP
 B = Vault XP
 C = Vault XP percentage of total XP
 D = Non-vault monster count
 E = Vault monster count
 F = Vault count percentage of total count
                 A         B        C        D         E       F
            +---------+---------+-------+---------+---------+-------
      Total |     111 |       6 |   5.1 |      38 |       5 |  11.6
            +---------+---------+-------+---------+---------+-------
        D:1 |      26 |       3 |  10.3 |      16 |       2 |  11.1
        D:2 |      79 |       3 |   3.7 |      18 |       3 |  14.3
        D:3 |       6 |       0 |   0.0 |       4 |       0 |   0.0
            +---------+---------+-------+---------+---------+-------
